Map: 机械城 - 天梯版

Players

Replicant

  • Race: Terran Terran
  • League: Gold

Lambo - Winner!

  • Race: Zerg Zerg
  • League: Gold

Event: WESG 2018 Grand Finals

VOD

Have the link to the VOD?

Description

Time

  • Played on: March 11, 2019, 2:50 a.m.
  • Length: 9:17

All games in this series

Show
View Real Time Build Order
Export as new Build Order

Replicant Terran 

Build Orders: Gas First Reaper Expand, Liberator Opening 

Get SALT Encoding   

  12  0:00  SCV  
  13  0:12  SCV  
  14  0:18  Supply Depot  
  14  0:25  SCV  
  15  0:30  Refinery  
  15  0:40  SCV  
  16  0:46  Barracks  
  16  0:52  SCV  
  17  1:04  SCV  
  18  1:16  SCV  
  19  1:32  Orbital Command  
  19  1:33  Reaper  
  20  1:45  Command Center  
  20  1:56  Factory  
  20  2:00  SCV  
  21  2:08  Barracks Reactor  
  21  2:12  SCV  
  22  2:17  Supply Depot  
  22  2:21  Refinery  
  22  2:27  SCV  
  23  2:48  Starport  
  23  2:49  SCV  
  24  2:55  Hellion x2  
  24  2:56  Marine  
  29  2:59  Orbital Command  
  29  3:03  SCV  
  30  3:11  Liberator  
  30  3:16  Marine  
  30  3:17  Hellion x2  
  35  3:24  SCV  
  36  3:31  SCV  
  40  3:36  Supply Depot, SCV  
  40  3:40  Barracks Tech Lab  
  41  3:46  Hellion  
  41  3:48  Hellion  
  45  3:54  SCV  
  46  3:57  Liberator  
  46  3:58  SCV  
  46  3:59  Supply Depot  
  46  4:00  Stimpack  
  47  4:06  SCV  
  48  4:10  SCV  
  52  4:18  SCV  
  52  4:22  SCV  
  54  4:27  Factory Tech Lab  
  54  4:30  SCV  
  55  4:33  Command Center  
  55  4:34  SCV  
  56  4:42  SCV, Supply Depot  
  57  4:46  SCV  
  57  4:48  Siege Tank  
  60  4:54  SCV  
  60  4:59  SCV  
  60  5:02  Marine  
  60  5:04  Starport Reactor  
  60  5:06  SCV  
  60  5:08  Barracks  
  60  5:11  Barracks, SCV  
  56  5:18  SCV  
  57  5:23  SCV  
  58  5:30  Siege Tank  
  58  5:35  SCV  
  62  5:38  SCV, Command Center  
  58  5:47  SCV  
  59  5:50  Marine, SCV  
  59  5:52  Supply Depot  
  61  5:59  SCV  
  61  6:02  SCV  
  61  6:10  Siege Tank  
  59  6:11  SCV  
  59  6:12  Combat Shield  
  59  6:14  SCV  
  59  6:18  Starport Reactor  
  52  6:19  Engineering Bay  
  52  6:20  Engineering Bay  
  52  6:23  SCV  
  52  6:25  Marine x5  
  56  6:26  SCV  
  56  6:35  SCV  
  56  6:38  Refinery  
  57  6:42  Barracks x2, SCV  
  57  6:43  Marine  
  59  6:47  Marine x3, SCV  
  59  6:48  Marine  
  59  6:53  Orbital Command  
  64  7:03  Medivac x2, Marine  
  64  7:05  Marine x2  
  71  7:09  Terran Infantry Weapons Level 1, Terran Infantry Armor Level 1  
  71  7:10  Marine x2  
  71  7:15  Orbital Command  
  73  7:20  SCV x2  
  73  7:21  Marine  
  76  7:23  Marine x2  
  76  7:28  Marine x2  
  76  7:29  Armory  
  80  7:30  Barracks Reactor, Supply Depot  
  80  7:33  Barracks Reactor  
  80  7:36  SCV x2  
  82  7:39  Marine  
  82  7:41  Marine x2  
  83  7:46  Marine x2  
  83  7:48  SCV  
  83  7:50  Orbital Command  
  79  7:55  SCV  
  79  7:57  Marine  
  76  7:58  Marine  
  76  8:00  SCV  
  76  8:01  Marine  
  76  8:03  Orbital Command  
  76  8:04  Marine x2  
  81  8:07  SCV  
  81  8:12  Marine x2, SCV  
  85  8:14  Supply Depot  
  85  8:19  SCV  
  86  8:20  Marine x2  
  86  8:24  SCV  
  89  8:27  Siege Tank  
  89  8:30  SCV  
  93  8:36  SCV x2  
  93  8:38  Marine  
  96  8:42  Marine x2  
  96  8:43  Marine x6  
  96  8:46  SCV  
  96  8:48  SCV x2  
  94  8:56  Marine  
  94  8:58  SCV  
  94  9:00  SCV  
Show
View Real Time Build Order
Export as new Build Order

Lambo Zerg - Winner!

Build Orders: Hatch First, Muta Ling Bane 

Get SALT Encoding   

  12  0:00  Drone  
  13  0:13  Overlord  
  13  0:18  Drone  
  14  0:32  Drone x2  
  16  0:49  Hatchery  
  15  0:52  Drone  
  15  0:56  Drone  
  17  1:01  Drone  
  18  1:10  Extractor  
  17  1:15  Spawning Pool  
  16  1:18  Drone  
  16  1:22  Drone  
  18  1:28  Drone  
  19  1:39  Drone  
  20  1:50  Overlord  
  20  2:01  Queen x2  
  20  2:02  Zergling x4  
  26  2:11  Drone  
  26  2:12  Drone  
  26  2:14  Metabolic Boost  
  28  2:23  Drone x2  
  30  2:40  Hatchery  
  30  2:42  Drone  
  30  2:50  Pneumatized Carapace  
  30  2:52  Drone  
  30  2:55  Overlord  
  31  2:58  Drone  
  31  3:04  Drone  
  33  3:06  Drone  
  33  3:10  Drone x2  
  36  3:15  Drone x2  
  36  3:16  Drone  
  39  3:21  Queen  
  39  3:24  Drone  
  42  3:31  Drone  
  42  3:32  Overlord  
  43  3:39  Queen  
  43  3:40  Extractor  
  44  3:43  Baneling Nest  
  44  3:44  Drone  
  44  3:47  Baneling Nest  
  45  3:51  Zergling x10  
  50  3:58  Queen  
  50  4:01  Queen  
  54  4:04  Zergling x2  
  54  4:07  Zergling x2  
  54  4:09  Overlord  
  55  4:11  Drone x2  
  55  4:16  Overlord  
  57  4:20  Overlord  
  57  4:25  Overlord  
  57  4:27  Drone x2  
  57  4:28  Overlord  
  57  4:30  Zergling x2  
  60  4:32  Zergling x2  
  60  4:33  Drone  
  60  4:37  Spore Crawler  
  61  4:39  Spore Crawler  
  61  4:41  Drone x2  
  62  4:46  Drone x2  
  62  4:47  Drone  
  62  4:52  Drone x3  
  65  4:55  Drone  
  65  4:58  Drone  
  67  5:01  Drone x3  
  67  5:05  Drone  
  71  5:07  Drone x2  
  71  5:09  Drone  
  71  5:13  Drone x3  
  77  5:15  Drone x2  
  77  5:17  Baneling x2  
  77  5:18  Drone  
  77  5:23  Lair  
  77  5:24  Drone x2  
  79  5:29  Extractor  
  79  5:30  Extractor  
  79  5:31  Drone x2  
  79  5:34  Zergling x2  
  80  5:38  Zergling x6  
  80  5:40  Drone  
  83  5:43  Evolution Chamber  
  83  5:44  Evolution Chamber, Drone  
  83  5:46  Extractor  
  83  5:47  Drone  
  83  5:49  Drone x2  
  84  5:50  Drone x2  
  84  5:56  Drone x2  
  88  5:58  Hatchery  
  88  6:01  Drone  
  86  6:06  Drone x2  
  86  6:10  Drone x4  
  82  6:16  Drone  
  81  6:19  Zerg Melee Weapons Level 1, Zerg Ground Armor Level 1, Extractor  
  81  6:23  Zergling x10  
  85  6:31  Centrifical Hooks  
  85  6:34  Extractor  
  85  6:35  Zergling x12  
  90  6:43  Drone  
  90  6:45  Drone  
  90  6:46  Drone x3  
  95  6:52  Drone  
  95  6:53  Spire  
  95  7:00  Drone x4  
  98  7:01  Overlord  
  98  7:02  Overlord  
  98  7:08  Overlord x2  
  98  7:12  Drone  
  98  7:13  Drone, Extractor  
  99  7:16  Zergling x10  
  99  7:19  Overlord  
  99  7:20  Zergling x2  
  99  7:21  Zergling x2  
  106  7:24  Zergling x12  
  112  7:30  Overlord  
  112  7:40  Zergling x12  
  115  7:52  Overlord  
  109  8:01  Overlord  
  108  8:07  Mutalisk x12  
  108  8:12  Zergling x10  
  136  8:18  Mutalisk  
  136  8:19  Mutalisk  
  140  8:21  Hatchery  
  139  8:27  Extractor  
  139  8:29  Zergling x24  
  139  8:34  Zergling x2  
  151  8:38  Zergling x6  
  151  8:43  Baneling x2  
  151  8:44  Baneling x14  
  139  8:49  Zergling x12, Baneling x4  
  139  8:50  Baneling  
  139  8:52  Zergling x2  
  146  8:55  Zergling x14  
Tags
 
Add a new tag
Caveats
  • Supply blocks, unpowered buildings, or Contaminate may cause inaccurate times.
  • Supply counts are checked every 10 seconds.